Map: Pillars of Gold LE

Players

MarineLorD - Winner!

  • Race: Terran Terran
  • League: Master
  • Spawn Location: 7:00

ShoWTimE

  • Race: Protoss Protoss
  • League: Master
  • Spawn Location: 1:00

Event: DreamHack SC2 Masters 2020 Winter

VOD

Have the link to the VOD?

Description

Time

  • Played on: Nov. 4, 2020, 12:59 p.m.
  • Length: 9:45

All games in this series

Show
View Real Time Build Order
Export as new Build Order

MarineLorD Terran - Winner!

Build Orders:  

Get SALT Encoding   

  12  0:00  SCV  
  13  0:12  SCV  
  14  0:18  Supply Depot  
  14  0:24  SCV  
  15  0:40  SCV  
  15  0:41  Barracks  
  16  0:48  Refinery  
  16  0:52  SCV  
  17  1:05  SCV  
  18  1:14  Engineering Bay  
  18  1:17  SCV  
  19  1:29  Orbital Command  
  19  1:30  Reaper  
  20  1:36  Refinery  
  20  1:47  Supply Depot  
  20  1:54  SCV  
  21  2:02  Reaper  
  21  2:06  SCV  
  23  2:12  Bunker  
  23  2:18  SCV  
  24  2:30  SCV  
  25  2:38  Factory  
  25  2:41  Reaper  
  25  2:43  SCV  
  27  2:55  SCV, Supply Depot  
  28  3:07  SCV  
  28  3:09  Command Center  
  29  3:13  Reaper  
  29  3:19  SCV  
  31  3:31  SCV  
  31  3:35  Widow Mine  
  31  3:36  Starport  
  33  3:43  SCV  
  34  3:55  SCV  
  35  4:02  Widow Mine  
  36  4:07  SCV  
  37  4:14  Medivac  
  37  4:16  Armory  
  39  4:21  SCV  
  39  4:22  Supply Depot, Orbital Command  
  39  4:24  Widow Mine  
  42  4:29  Barracks  
  42  4:33  SCV  
  43  4:45  Widow Mine, SCV, Starport Tech Lab  
  45  4:53  SCV  
  45  4:59  SCV  
  47  5:03  Cloaking Field, Banshee  
  47  5:05  Supply Depot, Orbital Command  
  50  5:09  Factory Tech Lab  
  50  5:17  SCV  
  50  5:18  Barracks  
  50  5:19  Barracks Tech Lab  
  50  5:20  Barracks Reactor  
  50  5:21  Barracks Tech Lab  
  51  5:29  SCV  
  51  5:35  Cyclone  
  53  5:39  SCV  
  54  5:45  SCV  
  54  5:46  Banshee  
  54  5:49  Marine x2  
  58  5:50  Stimpack  
  58  5:53  SCV  
  58  5:56  Refinery  
  59  5:57  SCV  
  60  6:05  SCV, Barracks Reactor  
  60  6:07  Cyclone  
  62  6:12  Refinery, Engineering Bay  
  62  6:13  SCV  
  63  6:20  Marauder x2  
  63  6:24  SCV  
  63  6:25  SCV  
  65  6:28  Combat Shield  
  67  6:41  Marauder  
  67  6:43  Starport Reactor  
  67  6:44  Missile Turret, Supply Depot  
  67  6:46  Supply Depot  
  70  6:47  Marauder  
  70  6:49  Marine  
  70  6:57  Marine  
  70  6:58  Siege Tank  
  70  6:59  Command Center  
  70  7:00  Terran Infantry Weapons Level 1  
  74  7:03  Marauder  
  74  7:07  Marine  
  74  7:08  Marine  
  78  7:15  Marine  
  79  7:24  Marauder  
  79  7:25  Marine  
  79  7:26  Marine  
  79  7:27  SCV x2  
  79  7:29  Supply Depot  
  79  7:30  Medivac x2  
  79  7:35  Marine  
  79  7:36  Siege Tank  
  87  7:42  Missile Turret  
  87  7:43  Marine  
  90  7:44  Marauder  
  90  7:46  Concussive Shells  
  90  7:54  Marine  
  90  7:55  Marauder  
  93  7:59  Barracks  
  93  8:00  Medivac, Barracks  
  93  8:01  Marine  
  96  8:08  Siege Tank  
  96  8:11  Marauder  
  96  8:12  Marine, Barracks  
  101  8:15  Orbital Command  
  101  8:16  SCV  
  101  8:17  SCV  
  104  8:23  Marine, Marauder  
  107  8:28  SCV  
  107  8:29  SCV  
  109  8:37  Marine, Marauder  
  109  8:40  SCV, Marine  
  114  8:41  SCV  
  114  8:47  Marauder  
  117  8:53  Supply Depot  
  117  8:55  Orbital Command  
  117  8:56  Supply Depot  
  117  8:57  Marine, SCV  
  117  8:59  Marauder  
  119  9:03  Marine  
  119  9:05  SCV  
  119  9:08  Marauder  
  121  9:12  Marine x2  
  123  9:17  SCV  
  123  9:20  Marauder  
  123  9:23  Marine x2  
  123  9:24  SCV x2  
Show
View Real Time Build Order
Export as new Build Order

ShoWTimE Protoss 

Build Orders:  

Get SALT Encoding   

  12  0:00  Probe  
  13  0:12  Probe  
  14  0:18  Pylon  
  14  0:24  Probe (Chrono Boost)  
  15  0:36  Probe (Chrono Boost)  
  15  0:39  Gateway  
  16  0:45  Probe (Chrono Boost)  
  16  0:47  Assimilator  
  17  0:51  Probe  
  18  1:03  Probe  
  19  1:15  Probe  
  20  1:26  Cybernetics Core  
  20  1:36  Probe  
  21  1:45  Nexus  
  21  1:47  Pylon  
  22  1:54  Probe  
  22  1:58  Assimilator  
  22  2:02  Adept (Chrono Boost)  
  22  2:07  Probe  
  24  2:19  Probe  
  24  2:31  Probe  
  24  2:32  Stalker (Chrono Boost)  
  27  2:41  Shield Battery  
  27  2:43  Probe  
  27  2:47  Warp Gate  
  27  2:55  Stalker (Chrono Boost), Probe  
  30  3:02  Probe  
  31  3:08  Probe  
  31  3:09  Shield Battery  
  32  3:18  Pylon  
  32  3:22  Probe  
  32  3:23  Probe  
  32  3:34  Probe  
  32  3:35  Probe  
  34  3:47  Probe x2  
  36  3:59  Probe x2  
  38  4:06  Shield Battery  
  38  4:11  Stargate, Probe x2 (Chrono Boost)  
  39  4:22  Probe (Chrono Boost)  
  39  4:24  Gateway, Probe (Chrono Boost)  
  41  4:28  Probe (Chrono Boost)  
  42  4:33  Pylon  
  42  4:34  Probe  
  43  4:38  Probe  
  43  4:42  Stalker  
  46  4:47  Pylon  
  46  4:51  Probe x2  
  48  4:55  Phoenix (Chrono Boost)  
  48  5:03  Probe  
  48  5:04  Robotics Facility  
  49  5:09  Stalker  
  49  5:10  Probe  
  52  5:15  Phoenix (Chrono Boost)  
  52  5:17  Probe  
  55  5:22  Probe  
  56  5:29  Probe  
  56  5:32  Phoenix (Chrono Boost)  
  56  5:34  Probe  
  57  5:40  Assimilator  
  57  5:41  Probe  
  58  5:46  Probe  
  58  5:52  Pylon, Observer  
  58  5:53  Probe  
  59  5:58  Probe  
  58  6:05  Probe  
  58  6:10  Assimilator, Probe  
  59  6:13  Observer  
  59  6:17  Probe  
  61  6:22  Probe  
  62  6:27  Nexus  
  62  6:29  Pylon, Probe  
  62  6:31  Robotics Bay  
  63  6:33  Phoenix (Chrono Boost)  
  65  6:42  Probe x2  
  65  6:43  Pylon  
  65  6:44  Sentry  
  69  6:51  Phoenix (Chrono Boost)  
  69  6:53  Pylon  
  71  6:54  Probe  
  71  6:57  Observer, Probe  
  73  7:02  Pylon  
  73  7:06  Probe, Sentry  
  76  7:09  Probe  
  72  7:18  Probe (Chrono Boost)  
  72  7:21  Probe (Chrono Boost)  
  67  7:30  Colossus, Probe (Chrono Boost)  
  67  7:33  Probe (Chrono Boost)  
  74  7:38  Probe (Chrono Boost)  
  74  7:39  Phoenix, Probe (Chrono Boost)  
  74  7:41  Probe (Chrono Boost)  
  79  7:45  Probe  
  79  7:47  Probe  
  77  7:53  Probe  
  77  7:55  Zealot x2  
  77  7:57  Probe  
  83  7:59  Probe  
  83  8:05  Extended Thermal Lance (Chrono Boost), Probe  
  85  8:09  Probe  
  85  8:11  Probe  
  87  8:16  Stalker x2  
  87  8:17  Probe  
  92  8:21  Probe  
  92  8:22  Shield Battery  
  92  8:23  Probe  
  94  8:29  Pylon, Probe  
  94  8:31  Gateway  
  94  8:33  Probe  
  94  8:34  Colossus (Chrono Boost)  
  94  8:39  Probe  
  99  8:41  Probe  
  99  8:45  Probe  
  99  8:48  Zealot x2  
  103  8:51  Probe  
  106  9:01  Phoenix  
  106  9:02  Probe  
  109  9:09  Zealot x2  
  113  9:10  Pylon  
  113  9:12  Gateway  
  104  9:30  Zealot x2  
  98  9:32  Probe x2  
Tags
 
Add a new tag
Caveats
  • Supply blocks, unpowered buildings, or Contaminate may cause inaccurate times.
  • Supply counts are checked every 10 seconds.